AoeStats
← __90_Squall_Arg

Oasis

507372732Analyzed
2v2 RM · 26d ago on Sep 17, 2026· 27m 43s· 4 players
Game mode
Random Map
Map size
Medium (4 player)
Population
200
Speed
Normal
Resources
Standard
Victory
Conquest
Starting age
Dark Age
Ending age
Imperial Age
RankedLock teamsTeams togetherTeam positionsShared explorationLock speedFull tech treeHidden civsTurbo modeCheats
Victory
Defeat
🇦🇷 Franks · Argentina
1671
+9
🇦🇷 Britons · Argentina
1543
+13
vs
🇧🇷 Franks · Brazil
1511
-12
🇧🇷 Persians · Brazil
1472
-10
[Massa] Edo
6:02 Loom
8:32 Feudal Age
8:37 Loom
9:41 Double-Bit Axe
16:29 Wheelbarrow
18:57 Scale Barding Armor
22:59 Castle Age
24:26 Chain Barding Armor
24:11 Husbandry
tg
5:43 Loom
8:11 Feudal Age
9:01 Double-Bit Axe
9:37 Horse Collar
16:42 Fletching
18:10 Padded Archer Armor
19:47 Wheelbarrow
22:21 Castle Age
21:25 Gold Mining
22:13 Scale Barding Armor
22:19 Bloodlines
23:14 Heavy Plow
23:57 Chain Barding Armor
23:17 Elite Skirmisher
23:53 Bodkin Arrow
[CL] Al3jandr0.magn00
5:29 Loom
8:30 Feudal Age
9:52 Double-Bit Axe
19:27 Castle Age
17:46 Scale Barding Armor
18:41 Forging
20:38 Bow Saw
21:12 Chain Barding Armor
21:41 Husbandry
__90_Squall_Arg
6:04 Loom
8:57 Feudal Age
9:35 Double-Bit Axe
15:43 Fletching
18:53 Wheelbarrow
22:35 Castle Age
20:52 Horse Collar
21:13 Padded Archer Armor
22:38 Crossbowman
23:15 Bodkin Arrow
23:30 Town Watch
24:31 Gold Mining
26:01 Ballistics
Connection lost

Rejoining the realm…

Still unreachable

The connection could not be restored.

Session expired

The server has moved on; the page needs a fresh start.